Map: 필러스 오브 골드 - 래더

Players

Stats - Winner!

  • Race: Protoss Protoss
  • Spawn Location: 7:00

Harstem

  • Race: Protoss Protoss
  • Spawn Location: 1:00

Event: StayAtHome Story Cup #3

VOD

Have the link to the VOD?

Description

Time

  • Played on: March 11, 2021, 8:28 a.m.
  • Length: 6:52

All games in this series

Show
View Real Time Build Order
Export as new Build Order

Stats Protoss - Winner!

Build Orders: Phoenix Opening, Blink Stalkers 

Get SALT Encoding   

  12  0:00  Probe  
  13  0:12  Probe  
  14  0:18  Pylon  
  14  0:24  Probe (Chrono Boost)  
  15  0:36  Probe (Chrono Boost)  
  15  0:42  Gateway  
  16  0:45  Probe (Chrono Boost)  
  17  0:51  Probe, Assimilator  
  18  1:03  Probe (Chrono Boost)  
  19  1:07  Assimilator  
  19  1:14  Probe (Chrono Boost)  
  19  1:16  Pylon  
  20  1:19  Probe (Chrono Boost)  
  21  1:31  Probe, Cybernetics Core  
  22  1:37  Pylon  
  22  1:41  Zealot  
  22  1:45  Probe  
  25  1:57  Probe  
  25  1:58  Pylon  
  26  2:07  Sentry (Chrono Boost), Warp Gate  
  26  2:11  Probe  
  29  2:23  Probe  
  29  2:28  Sentry  
  31  2:34  Nexus  
  31  2:35  Phoenix  
  31  2:37  Probe  
  32  2:49  Probe  
  33  2:53  Gateway  
  33  2:54  Sentry  
  35  3:01  Probe (Chrono Boost)  
  35  3:02  Pylon  
  36  3:13  Probe (Chrono Boost)  
  36  3:18  Twilight Council  
  37  3:22  Probe (Chrono Boost)  
  38  3:27  Probe  
  38  3:30  Forge  
  39  3:40  Probe (Chrono Boost)  
  40  3:51  Probe (Chrono Boost)  
  42  3:57  Blink  
  42  3:58  Probe (Chrono Boost)  
  42  3:59  Protoss Ground Weapons Level 1 (Chrono Boost), Stalker  
  42  4:00  Probe (Chrono Boost)  
  42  4:01  Phoenix  
  45  4:05  Probe (Chrono Boost)  
  45  4:08  Probe  
  47  4:15  Robotics Facility  
  47  4:16  Probe  
  48  4:21  Probe  
  49  4:28  Probe  
  49  4:30  Gateway x2  
  50  4:32  Assimilator  
  50  4:34  Probe  
  50  4:36  Phoenix  
  51  4:40  Probe  
  52  4:47  Stalker x2  
  56  4:54  Pylon  
  56  5:02  Warp Prism (Chrono Boost)  
  58  5:07  Nexus  
  58  5:15  Stalker x2  
  62  5:26  Stalker  
  62  5:27  Stalker  
  66  5:29  Pylon  
  66  5:31  Observer (Chrono Boost)  
  67  5:36  Pylon  
  67  5:39  Stalker  
  69  5:44  Pylon  
  69  5:50  Observer  
  69  5:56  Stalker x3  
  76  6:02  Stalker  
  78  6:13  Probe x2  
  80  6:24  Stalker  
  80  6:25  Stalker x2  
  84  6:44  Gateway  
  84  6:45  Gateway  
  80  6:50  Stalker x2  
Show
View Real Time Build Order
Export as new Build Order

Harstem Protoss 

Build Orders: Phoenix Opening 

Get SALT Encoding   

  12  0:00  Probe  
  13  0:12  Probe  
  14  0:20  Pylon  
  14  0:24  Probe  
  15  0:38  Probe (Chrono Boost)  
  15  0:40  Gateway  
  16  0:47  Probe (Chrono Boost)  
  16  0:49  Assimilator  
  17  0:52  Probe (Chrono Boost)  
  18  1:04  Probe  
  19  1:15  Assimilator  
  19  1:16  Probe  
  20  1:27  Cybernetics Core  
  20  1:28  Probe  
  20  1:30  Pylon  
  21  1:35  Zealot  
  23  1:48  Probe  
  24  2:01  Probe  
  24  2:02  Sentry (Chrono Boost)  
  27  2:14  Nexus  
  27  2:17  Probe  
  31  2:30  Probe (Chrono Boost)  
  31  2:37  Warp Gate  
  31  2:42  Phoenix  
  30  2:44  Probe (Chrono Boost)  
  30  2:49  Pylon  
  30  2:50  Probe (Chrono Boost)  
  30  2:51  Twilight Council  
  31  3:05  Probe (Chrono Boost)  
  31  3:12  Gateway  
  31  3:17  Probe (Chrono Boost)  
  32  3:24  Probe (Chrono Boost)  
  33  3:28  Probe (Chrono Boost)  
  35  3:36  Pylon  
  35  3:37  Probe (Chrono Boost)  
  35  3:38  Probe (Chrono Boost)  
  35  3:41  Charge (Chrono Boost)  
  36  3:43  Probe x2 (Chrono Boost)  
  38  3:50  Sentry  
  38  3:55  Nexus  
  40  3:58  Probe  
  40  3:59  Probe  
  42  4:06  Dark Shrine  
  42  4:07  Phoenix  
  42  4:10  Probe  
  42  4:11  Probe  
  42  4:14  Forge  
  44  4:19  Pylon  
  44  4:22  Probe  
  45  4:24  Probe  
  45  4:26  Robotics Facility  
  45  4:30  Assimilator  
  46  4:34  Probe  
  46  4:36  Probe  
  48  4:38  Phoenix, Zealot  
  48  4:41  Stalker  
  52  4:46  Probe  
  52  4:49  Probe  
  52  4:52  Protoss Ground Weapons Level 1 (Chrono Boost)  
  54  4:58  Probe  
  54  4:59  Shield Battery  
  55  5:01  Probe  
  56  5:10  Probe, Immortal (Chrono Boost)  
  62  5:17  Gateway  
  62  5:18  Gateway  
  62  5:20  Probe x2  
  63  5:22  Probe  
  63  5:27  Zealot  
  66  5:30  Zealot  
  68  5:39  Warp Prism (Chrono Boost)  
  70  5:43  Probe x2  
  70  5:45  Shield Battery  
  72  5:50  Dark Templar  
  72  5:53  Zealot  
  76  5:59  Pylon  
  76  6:00  Probe x2  
  78  6:08  Immortal (Chrono Boost)  
  81  6:13  Zealot x2  
  80  6:25  Zealot x2  
  72  6:38  Zealot x2  
  59  6:49  Zealot  
  59  6:50  Zealot  
Tags
 
Add a new tag
Caveats
  • Supply blocks, unpowered buildings, or Contaminate may cause inaccurate times.
  • Supply counts are checked every 10 seconds.